 Dungeon Crawl Stone Soup version 0.25-a0-474-ga8a2ee3166 (webtiles) character file.

Game seed: 14081395215778332755, levelgen mode: deterministic

2077 vurker the Covert (level 9, -16/40 HPs)
             Began as a Felid Air Elementalist on Feb 7, 2020.
             Was a Believer of Vehumet.
             Demolished by a death yak (33 damage)
             ... on level 8 of the Dungeon.
             The game lasted 00:18:26 (13615 turns).

vurker the Covert (Felid Air Elementalist)         Turns: 13615, Time: 00:18:27

Health: -16/40     AC:  2    Str:  4    XL:     9   Next: 6%
Magic:  12/20      EV: 26    Int: 21    God:    Vehumet [**....]
Gold:   101        SH:  0    Dex: 18    Spells: 12/22 levels left
                                        Lives:  0   Deaths: 3

rFire    + + .     SeeInvis +   (weapon unavailable)
rCold    . . .     Gourm    .   (shield unavailable)
rNeg     . . .     Faith    .   (armour unavailable)
rPois    .         Spirit   .   (helmet unavailable)
rElec    .         Reflect  .   (cloak unavailable)
rCorr    .         Harm     +   (gloves unavailable)
MR       ++...                  (boots unavailable)
Stlth    +++++.....             p - amulet of Tuocs {Harm *Drain +Blink MR+ Int+2 Stlth+}
HPRegen  0.13/turn              q - ring of protection from fire
MPRegen  0.17/turn              m - +3 ring of evasion

@: lightly drained, quick
A: very small, no armour, no weapons or thrown items, stealth, claws 1, fangs 3,
see invisible, carnivore, fire resistance 1, speed 1, shaggy fur 2, slow
metabolism 1, sharp paws
a: Renounce Religion, Evoke Blink


You were on level 8 of the Dungeon.
You worshipped Vehumet.
Vehumet was pleased with you.
You were completely stuffed.

You visited 2 branches of the dungeon, and saw 10 of its levels.
You also visited: Sewer.

You collected 353 gold pieces.
You spent 252 gold pieces at shops.

Inventory:

Jewellery
 m - a +3 ring of evasion (right paw)
   (You found it on level 3 of the Dungeon)
 p - the amulet of Tuocs (around neck) {Harm *Drain +Blink MR+ Int+2 Stlth+}
   (You bought it in a shop on level 7 of the Dungeon)

   [amulet of harm]

   It increases damage dealt and taken.
   It affects your intelligence (+2).
   It affects your resistance to hostile enchantments.
   It lets you blink.
   It causes draining when unequipped.
   It makes you more stealthy.
 q - a ring of protection from fire (left paw)
   (You found it on level 8 of the Dungeon)
 r - an uncursed ring of resist corrosion
   (You found it on level 8 of the Dungeon)
Wands
 c - a wand of disintegration (9)
   (You found it on level 8 of the Dungeon)
Scrolls
 d - 4 scrolls of teleportation
 j - 2 scrolls of amnesia
 l - a scroll of magic mapping
 n - a scroll of remove curse
Potions
 a - a potion of magic
 b - a potion of heal wounds
 f - 3 potions of lignification
 g - 2 potions of flight
 h - a potion of resistance
 i - 4 potions of curing
 o - a potion of brilliance
Comestibles
 e - 16 rations


   Skills:
 - Level 5.0(4.6) Fighting
 + Level 7.3(6.8) Dodging
 + Level 8.0(7.6) Stealth
 * Level 7.1(6.7) Spellcasting
 * Level 6.8(6.4) Conjurations
 * Level 7.3(6.8) Air Magic


You had 12 spell levels left.
You knew the following spells:

 Your Spells              Type           Power        Failure   Level  Hunger
a - Shock                 Conj/Air       ####         1%          1    None
b - Lightning Bolt        Conj/Air       ####......   17%         5    #####..
c - Airstrike             Air            #####.....   5%          4    ###....

Your spell library contained the following spells:

 Spells                   Type           Power        Failure   Level  Hunger
 Conjure Flame            Conj/Fire      ###.....     8%          3    #......
 Static Discharge         Conj/Air       ####....     1%          3    #......
 Swiftness                Chrm/Air       ###.....     3%          2    None
 Animate Skeleton         Necr           N/A          9%          1    None
 Apportation              Tloc           #.....       9%          1    None
 Beastly Appendage        Tmut           #.....       9%          1    None
 Corona                   Hex            #......      9%          1    None
 Summon Small Mammal      Summ           #...         9%          1    None
 Sticks to Snakes         Tmut           #.......     14%         2    None
 Spider Form              Tmut/Pois      #.........   26%         3    #......
 Ice Form                 Ice/Tmut       #.......     65%         4    ###....
 Blade Hands              Tmut           #.........   94%         5    #####..


Dungeon Overview and Level Annotations

Branches:
Dungeon (9/15)             Temple (1/1) D:4           Sewer (visited)
   Lair: D:8-11         Orc: D:9-12

Altars:
Ashenzari
Cheibriados
Dithmenos
Elyvilon
Fedhas
Gozag
Hepliaklqana
Kikubaaqudgha
Makhleb
Nemelex Xobeh
Okawaru
Qazlal
Ru
Sif Muna
Trog
Vehumet
Wu Jian
Xom
Zin

Shops:
D:7 [[*

Annotations:
D:9 Gastronok


Innate Abilities, Weirdness & Mutations

You cannot wear armour.
You are incapable of wielding weapons or throwing items.
Your paws allow you to move quietly. (Stealth)
You have sharp claws.
You have razor-sharp teeth.
You have supernaturally acute eyesight. (SInv)
You are carnivorous and can eat meat at any time.
You cover ground quickly.
You are covered in thick fur. (AC +2)
You have a slow metabolism.
Your sharp claws are effective at attacking unaware monsters.
Your flesh is heat resistant. (rF+)


Message History

Training target 5.0 for Fighting reached!
Your Fighting skill increases to level 5!
Your Stealth skill increases to level 8!
Your Spellcasting skill increases to level 7!
Welcome back to level 9!
Unknown command.
Eating one of 8 chunks of flesh.
You eat one of the 8 chunks of flesh.
This raw flesh tastes great.
Some of the chunks of flesh in your inventory have rotted away.
Some of the chunks of flesh in your inventory have rotted away.
All of the chunks of flesh in your inventory have rotted away.
Key pressed, stopping explore.
Done exploring.
Done exploring.
Done exploring.
There is an open door here.
You see here a death yak corpse.
There is a stone staircase leading down here.
You see here a rat skeleton.
You climb downwards.
Level annotation: Gastronok A white ugly thing comes into view.
The quokka misses you. The hell rat bites you!
You feel drained.
* * * LOW HITPOINT WARNING * * *
The rat twitches its whiskers.
The hell rat barely misses you. The quokka misses you.
Gastronok's eyestalks quiver as he mumbles some strange words.
Gastronok puts on a burst of speed!
There is a stone staircase leading up, spattered with blood here.
The hell rat completely misses you. The quokka misses you.
The hell rat completely misses you. The death yak barely misses you.
The rat bites you.
* * * LOW HITPOINT WARNING * * *
The hell rat completely misses you.
You climb upwards.
There is a stone staircase leading down here.
You see here a rat skeleton.
Aim: a death yak The air twists around and strikes the death yak.
The hell rat twitches its whiskers.
The hell rat barely misses you. The death yak misses you.
The hell rat closely misses you. The rat completely misses you.
Aim: a rat The air twists around and strikes the rat!
You kill the rat!
Vehumet accepts your kill. The hell rat barely misses you.
The hell rat completely misses you. The death yak gores you!!
Ouch! That really hurt!
You die...

#...).#.#
#.......Y.......#.
#.###.#.#
#.##.##.########## #.#
#.#.########.##.##.#
#..<..##
#'###.#..........##.##.#
#.#.#.##
...##.######..[##...##.#
#.#...##
...##......'...........#
#.....##
...#####..^#...).....###
###...#.
#'######...#...rr###.#
####...#.
...........†..rY@..#.#
#......#.
..######./.#...###.#.#
#.###....
..######...##### #...#
#.#...### .......#...#
##### #.#......
..####.#)..# #....#..[
..## #.##.## ####.#.#.
#..# #.##.# ####...#.#.
##.###.##.# #......#.#.
#.....##.# #.##.#.#...


You could see a death yak, 2 hell rats and a quokka.

Vanquished Creatures
  A two-headed ogre (D:8)
  A death yak (D:8)
  3 hornets (D:8)
  A hippogriff (D:8)
  Sigmund (D:3)
  Eustachio (D:4)
  Menkaure (D:6)
  A porcupine (D:9)
  4 ice beasts
  An orc warrior (D:7)
  A black bear (D:8)
  An eye of draining (D:4)
  A necrophage (D:8)
  3 ogres
  A phantom (D:4)
  2 centaurs
  Blork the orc (D:6)
  2 bullfrogs
  4 scorpions
  A water moccasin skeleton (D:6)
  A howler monkey (D:5)
  4 crimson imps
  2 bullfrog zombies
  A centaur zombie (D:6)
  3 hounds
  2 jellies
  4 orc priests
  3 centaur skeletons
  5 orc wizards
  Crazy Yiuf (D:6)
  2 bullfrog skeletons
  An iguana (D:6)
  8 worker ants
  2 hound zombies
  A worker ant zombie (D:6)
  4 gnolls (D:6)
  17 adders
  A shadow imp (D:6)
  7 oozes
  2 adder zombies
  3 worms
  2 dart slugs
  22 leopard geckos
  12 orcs
  18 ball pythons
  19 giant cockroaches
  7 goblins
  5 hobgoblins
  6 jackals
  5 kobolds
  3 quokkas
  A ball python skeleton (D:4)
  7 bats
  9 frilled lizards
  A jackal skeleton (D:4)
  A leopard gecko zombie (D:7)
  A quokka skeleton (D:7)
  10 rats
235 creatures vanquished.

Notes
Turn   | Place    | Note
-------+----------+-------------------------------------------
     0 | D:1      | vurker the Felid Air Elementalist began the quest for the
                  | Orb.
     0 | D:1      | Reached XP level 1. HP: 7/7 MP: 4/4
    28 | D:1      | Reached skill level 1 in Conjurations
   398 | D:1      | Reached XP level 2. HP: 11/11 MP: 1/6
   528 | D:1      | Reached skill level 3 in Stealth
  1300 | D:2      | Reached XP level 3. HP: 12/15 MP: 0/7
  2775 | D:3      | Found a glowing drain.
  2778 | D:3      | Reached XP level 4. HP: 18/18 MP: 5/8
  2782 | D:3      | Noticed Sigmund
  2785 | Sewer    | Entered a sewer
  2840 | Sewer    | Reached skill level 1 in Fighting
  3558 | Sewer    | Reached XP level 5. HP: 22/22 MP: 5/10
  3721 | Sewer    | Learned a level 5 spell: Lightning Bolt
  4202 | Sewer    | Reached skill level 4 in Stealth
  4343 | Sewer    | Slain by a bullfrog
  4344 | Sewer    | Reached XP level 4. HP: -5/19 MP: 4/9
  4348 | Sewer    | Killed a bullfrog
  4348 | Sewer    | Reached XP level 5. HP: 11/22 MP: 8/10
  4651 | Sewer    | Learned a level 4 spell: Airstrike
  4671 | D:3      | Gained mutation: Your flesh is heat resistant. (rF+)
                  | [potion of mutation]
  4680 | D:3      | HP: 1/22 [rat (2)]
  4683 | D:3      | Killed Sigmund
  4683 | D:3      | Gained mutation: You are covered in thick fur. (AC +2)
                  | [Felid growth]
  4683 | D:3      | Reached XP level 6. HP: 1/26 MP: 0/12
  6290 | D:4      | Reached XP level 7. HP: 30/30 MP: 8/13
  6724 | D:4      | Found a staircase to the Ecumenical Temple.
  6729 | D:4      | Reached skill level 5 in Stealth
  6741 | Temple   | Entered the Ecumenical Temple
  6820 | Temple   | Became a worshipper of Vehumet
  7044 | D:4      | Found a bloodstained altar of Trog.
  7195 | D:4      | Found a stormy altar of Qazlal.
  7195 | D:4      | Found an ornate altar of the Wu Jian Council.
  7395 | D:5      | Entered Level 5 of the Dungeon
  8017 | D:5      | Identified the +5 short sword "Baerr" {chaos, Str+4 Dex+2}
  8151 | D:5      | Noticed Eustachio
  8345 | D:4      | Killed Eustachio
  8345 | D:4      | Reached skill level 5 in Air Magic
  8345 | D:4      | Reached XP level 8. HP: 25/34 MP: 7/16
  8433 | D:5      | Reached * piety under Vehumet
  8433 | D:5      | Offered knowledge of Freeze by Vehumet.
  8781 | D:5      | Reached skill level 5 in Dodging
  9138 | D:5      | Reached skill level 5 in Spellcasting
  9285 | D:6      | Found a snail-covered altar of Cheibriados.
  9344 | D:6      | Noticed Blork the orc
  9356 | D:6      | Killed Blork the orc
  9356 | D:6      | Reached skill level 6 in Stealth
  9908 | D:6      | Reached skill level 5 in Conjurations
 10100 | D:6      | Noticed Menkaure
 10106 | D:6      | Killed Menkaure
 10106 | D:6      | Reached XP level 9. HP: 35/38 MP: 12/18
 10171 | D:6      | Found a runed translucent door.
 10172 | D:6      | Noticed Crazy Yiuf
 10557 | D:6      | Killed Crazy Yiuf
 10657 | D:7      | Offered knowledge of Magic Dart by Vehumet.
 10995 | D:7      | Reached ** piety under Vehumet
 11302 | D:7      | Found Maur's Assorted Antiques.
 11307 | D:7      | Bought a transparent ruby amulet for 140 gold pieces
 11307 | D:7      | Bought a scroll of identify for 56 gold pieces
 11307 | D:7      | Bought a scroll of identify for 56 gold pieces
 11307 | D:7      | Identified the amulet of Tuocs {Harm *Drain +Blink MR+
                  | Int+2 Stlth+} (You bought it in a shop on level 7 of the
                  | Dungeon)
 11458 | D:7      | Found Netwogie's Armour Emporium.
 11556 | D:7      | Reached skill level 7 in Stealth
 11729 | D:7      | Found Cenaero's Antique Armour Boutique.
 12032 | D:8      | Noticed a two-headed ogre
 12328 | D:8      | Killed a two-headed ogre
 12328 | D:8      | Reached XP level 10. HP: 43/43 MP: 3/20
 12841 | D:8      | Paralysed by a hornet for 3 turns
 12842 | D:8      | Mangled by a hornet
 12843 | D:8      | Reached XP level 9. HP: -6/39 MP: 16/19
 13097 | D:9      | Noticed a death yak
 13102 | D:9      | Noticed a death yak
 13231 | D:9      | Offered knowledge of Conjure Flame by Vehumet.
 13355 | D:9      | Noticed a death yak
 13355 | D:9      | Noticed Gastronok
 13376 | D:8      | Demolished by a death yak
 13377 | D:8      | Reached XP level 8. HP: -14/36 MP: 11/19
 13417 | D:8      | Killed a death yak
 13417 | D:8      | Reached skill level 5 in Fighting
 13417 | D:8      | Reached skill level 8 in Stealth
 13417 | D:8      | Reached XP level 9. HP: 15/40 MP: 0/20
 13611 | D:9      | Noticed a white ugly thing
 13615 | D:8      | Demolished by a death yak

Levels and vault maps discovered:
D:1:      dpeg_arrival_pond, layout_basic
D:2:      layout_basic
D:3:      layout_rooms, cheibrodos_sewer_entry_drain, uniq_sigmund
D:4:      layout_basic, gammafunk_temple_overflow_wave,
          minmay_temple_entry_waves, first_ration, trog_eyes_of_draining
D:5:      layout_loops_ring, uniq_eustachio
D:6:      layout_cave_pools, nicolae_overflow_hidden_temple, slow_altar_1,
          minmay_tree_intersection, uniq_blork_the_orc, uniq_crazy_yiuf_cottage,
          uniq_menkaure
D:7:      layout_loops_corners, serial_shops, kennysheep_mini_moat, shop,
          nicolae_shop_crystal
D:8:      layout_basic, hangedman_pestilent_swarm
D:9:      minmay_recursive_quarters, layout_cave_pools, kennysheep_mini,
          nicolae_overflow_crystal_walls, dpeg_lair_monsters,
          gammafunk_ghost_spectres, zaba_anthell, uniq_gastronok
Temple:   eino_temple_scatter_basement

Skill      XL: |  1  2  3  4  5  6  7  8  9 |
---------------+----------------------------+-----
Conjurations   | 1 2 3 4 5 6 |  6.8
Stealth        | 3 4 5 8 7 |  8.0
Dodging        | 3 4 5 7 |  7.3
Air Magic      | 3 4 5 7 |  7.3
Fighting       | 1 2 5 4 |  5.0
Spellcasting   | 3 4 7 6 |  7.1

Action                   |  1- 3 |  4- 6 |  7- 9 | 10-12 || total
-------------------------+-------+-------+-------+-------++-------
Melee: Unarmed           |    23 |    21 |    16 |       ||    60
       Bite              |       |     1 |     2 |       ||     3
 Cast: Shock             |    95 |   223 |   379 |    13 ||   710
       Airstrike         |       |       |    30 |     4 ||    34
       Lightning Bolt    |       |       |     5 |       ||     5
  Use: Potion            |     1 |     6 |       |       ||     7
       Scroll            |       |     7 |     7 |       ||    14
  Eat: Chunk             |    11 |    12 |    29 |     2 ||    54
Armor: Skin              |    10 |     4 |     6 |       ||    20
Dodge: Dodged            |    35 |    54 |   131 |     7 ||   227

Table legend:
 A = Non-vault XP
 B = Vault XP
 C = Vault XP percentage of total XP
 D = Non-vault monster count
 E = Vault monster count
 F = Vault count percentage of total count
                 A         B        C        D         E       F
            +---------+---------+-------+---------+---------+-------
      Total |    5060 |    3003 |  37.2 |     156 |      79 |  33.6
            +---------+---------+-------+---------+---------+-------
        D:1 |      31 |       0 |   0.0 |      14 |       0 |   0.0
        D:2 |      62 |       0 |   0.0 |      22 |       0 |   0.0
        D:3 |      44 |     227 |  83.8 |      16 |       3 |  15.8
        D:4 |     461 |     329 |  41.6 |      14 |       4 |  22.2
        D:5 |     669 |       0 |   0.0 |      23 |       0 |   0.0
        D:6 |     807 |     315 |  28.1 |      20 |       4 |  16.7
        D:7 |     902 |       0 |   0.0 |      25 |       0 |   0.0
        D:8 |    1828 |    1690 |  48.0 |      12 |       7 |  36.8
        D:9 |     256 |     146 |  36.3 |      10 |       3 |  23.1
      Sewer |       0 |     296 | 100.0 |       0 |      58 | 100.0
            +---------+---------+-------+---------+---------+-------
